 Dungeon Crawl Stone Soup version 0.31-a0-66-ge618eeaa78 (webtiles) character file.

Game seed: 15759854371074300019

46365 Flugkiller the Nimble (level 14, 0/90 HPs)
             Began as an Octopode Fire Elementalist on May 22, 2023.
             Was an Initiate of Gozag.
             Slain by a spriggan
             ... wielding a +0 dagger
              (14 damage)
             ... on level 5 of the Lair of Beasts.
             The game lasted 01:24:02 (26835 turns).

Flugkiller the Nimble (Octopode Fire Elementalist) Turns: 26835, Time: 01:24:03

Health: 0/90       AC:  3    Str: 11    XL:     14   Next: 37%
Magic:  3/26       EV: 20    Int: 20    God:    Gozag
Gold:   1664       SH:  9    Dex: 19    Spells: 8/30 levels left

rFire   + . .        s - +4 short sword (vamp)
rCold   x . .        A - +3 buckler
rNeg    + . .        T - +2 hat
rPois   +            j - amulet "Axeink" {Faith Fragile Regen+ Dex+2}
rElec   +            v - ring of resist corrosion
rCorr   +            E - ring of Creativity {Wiz Fly rElec Str+3}
SInv    .            g - ring "Xigo" {rN+ Dex+3}
Will    ++...        Q - ring of fire
Stlth   ++++         o - ring of poison resistance
HPRegen 1.15/turn    u - ring of ice
MPRegen 0.20/turn    P - ring of fire
                     m - ring of willpower

%: faith, wizardry (x1)
@: gold aura, flying
A: almost no armour, amphibious, 8 rings, camouflage 1, gelatinous body 1,
(nimble swimmer 1), tentacles
a: Renounce Religion, Potion Petition, Call Merchant, Bribe Branch


You were on level 5 of the Lair of Beasts.
You worshipped Gozag.
Gozag was most pleased with you.
You visited 2 branches of the dungeon, and saw 16 of its levels.
You also visited: Bailey.

You collected 4696 gold pieces.
You spent 164 gold pieces at shops.
You paid 2868 gold pieces to Gozag.

Inventory:

Hand Weapons
 s - a +4 vampiric short sword (weapon)
   (You took it off Duvessa on level 5 of the Dungeon)
 G - a +3 vampiric scimitar
   (You took it off an efreet on level 9 of the Dungeon)
Armour
 A - a +3 buckler (worn)
   (You took it off a kobold on level 8 of the Dungeon)
 M - a +0 kite shield
   (You took it off a gnoll sergeant on level 6 of the Dungeon)
 T - a +2 hat (worn)
   (You found it on level 4 of the Lair of Beasts)
Magical Staves
 y - a staff of conjuration
   (You found it on level 9 of the Dungeon)
Jewellery
 g - the ring "Xigo" (on tentacle) {rN+ Dex+3}
   (You found it on level 9 of the Dungeon)

   [ring of positive energy]

   Dex:       It affects your dexterity (+3).
   rN:        It protects you from negative energy.
 j - the amulet "Axeink" (around mantle) {Faith Fragile Regen+ Dex+2}
   (You found it on level 9 of the Dungeon)

   [amulet of faith]

   It allows you to gain divine favour quickly.
   Dex:       It affects your dexterity (+2).
   Regen:     It increases your rate of health regeneration.
   Fragile:   It will be destroyed if unequipped.
 m - a ring of willpower (on tentacle)
   (You found it on level 4 of the Lair of Beasts)
 o - a ring of poison resistance (on tentacle)
   (You found it on level 1 of the Lair of Beasts)
 u - a ring of ice (on tentacle)
   (You took it off a centaur on level 6 of the Dungeon)
 v - a ring of resist corrosion (left tentacle)
   (You took it off an orc on level 8 of the Dungeon)
 C - the amulet of the Air {Inacc Air Fly rElec RMsl}
   (You took it off a gnoll in a bailey)

   [amulet of nothing]

   Inacc:     It reduces the accuracy of your attacks and spells.
   Air:       It enhances your air magic.
   rElec:     It insulates you from electricity.
   Fly:       It grants you flight.
   RMsl:      It protects you from missiles.
 E - the ring of Creativity (right tentacle) {Wiz Fly rElec Str+3}
   (You took it off a gnoll sergeant on level 9 of the Dungeon)

   [ring of wizardry]

   It improves your spell success rate.
   Str:       It affects your strength (+3).
   rElec:     It insulates you from electricity.
   Fly:       It grants you flight.
 F - the ring "Otyidux" {rPois rF+ rC+ MP-9 SInv}
   (You took it off an efreet on level 9 of the Dungeon)

   [ring of poison resistance]

   rF:        It protects you from fire.
   rC:        It protects you from cold.
   rPois:     It protects you from poison.
   MP:        It affects your magic capacity (-9).
   SInv:      It lets you see invisible.
 P - a ring of fire (on tentacle)
   (You found it on level 3 of the Lair of Beasts)
 Q - a ring of fire (on tentacle)
   (You found it on level 2 of the Lair of Beasts)
Wands
 k - a wand of flame (4)
   (You took it off Ijyb on level 5 of the Dungeon)
 n - a wand of iceblast (12)
   (You took it off a wight on level 8 of the Dungeon)
 p - a wand of digging (7)
   (You found it on level 8 of the Dungeon)
 L - a wand of polymorph (5)
   (You found it on level 1 of the Lair of Beasts)
Scrolls
 a - 4 scrolls of vulnerability
 b - 3 scrolls of enchant armour
 c - a scroll of fear
 d - 2 scrolls of fog
 e - 3 scrolls of magic mapping
 f - 4 scrolls of enchant weapon
 i - 2 scrolls of amnesia
 r - a scroll of identify
 t - 2 scrolls of teleportation
 z - a scroll of blinking
 O - 2 scrolls of immolation
 U - 2 scrolls of poison {unknown}
Potions
 h - 2 potions of haste
 l - 2 potions of mutation
 q - 4 potions of curing
 w - a potion of heal wounds
 x - a potion of enlightenment
 D - 2 potions of magic
 H - 3 potions of cancellation
 I - a potion of brilliance
 J - 2 potions of lignification
 K - 2 potions of degeneration {unknown}
 S - a potion of ambrosia
Miscellaneous
 B - a piece from Xom's chessboard (15/15)
   (You found it on level 9 of the Dungeon)
 N - a tin of tremorstones (2/2)
   (You found it on level 10 of the Dungeon)


   Skills:
 + Level 6.5 Fighting
 - Level 11.0 Dodging
 - Level 4.0 Stealth
 - Level 5.0 Shields
 + Level 8.9 Spellcasting
 - Level 10.0 Conjurations
 - Level 3.0 Translocations
 + Level 10.8 Fire Magic
 + Level 10.7 Air Magic
 - Level 5.0 Evocations


You had 8 spell levels left.
You knew the following spells:

 Your Spells              Type           Power      Damage    Failure   Level
a - Foxfire               Conj/Fire      100%       2x1d9     1%          1
b - Scorch                Fire           100%       2d9       1%          2
c - Volatile Blastmotes   Fire/Tloc      100%       2d18      1%          3
d - Flame Wave            Conj/Fire      81%        2d18      1%          4
e - Sticky Flame          Conj/Fire      81%        2d9       1%          4
f - Plasma Beam           Fire/Air       41%        2x1d60    12%         6
r - Blink                 Tloc           40%        N/A       1%          2

Your spell library contained the following spells:

 Spells                   Type           Power      Damage    Failure   Level
 Magic Dart               Conj           100%       1d8       1%          1
 Searing Ray              Conj           96%        2d7       1%          2
 Static Discharge         Conj/Air       92%        2-6/arc   1%          2
 Vhi's Electric Charge    Tloc/Air       64%        N/A       1%          3
 Airstrike                Air            25%        2d(4-20)  1%          4
 Cigotuvi's Dreadful Rot  Necr/Pois/Air  34%        N/A       2%          2
 Inner Flame              Hex/Fire       56%        N/A       2%          3
 Arcjolt                  Conj/Air       23%        1d33      2%          5
 Ignite Poison            Fire/Tmut/Pois 39%        N/A       5%          3
 Summon Lightning Spire   Summ/Air       26%        N/A       8%          4
 Fulminant Prism          Conj/Hex       12%        3d8       9%          4
 Manifold Assault         Tloc           20%        N/A       12%         4
 Freezing Cloud           Conj/Ice/Air   23%        6-21      12%         5
 Maxwell's Capacitive Co  Air            25%        ∞         96%         8
 Storm Form               Tmut/Air       13%        N/A       99%         7


Dungeon Overview and Level Annotations

Branches:
Dungeon (11/15) Zot: 25658  Temple (0/1) D:6            Lair (5/5) D:8 Zot: 20850
 Shoals (0/4) Lair:3        Snake (0/4) Lair:2        Slime (0/5) Lair:4
 Bailey (visited)
    Orc: D:9-12

Altars:
Ashenzari
Elyvilon
Gozag
Makhleb
Sif Muna
Wu Jian

Shops:
D:4 :   D:5 (   D:9 ?

Annotations:
D:6 1 runed translucent door, exclusion: downstairs, Crazy Yiuf
D:7 exclusion: downstairs
D:10 1 runed translucent door, pk666's ghost, journeyman DEHW
Lair:4 exclusion: 3 oklob plants
Lair:5 exclusion: upstairs


Innate Abilities, Weirdness & Mutations

You cannot wear most types of armour.
You are amphibious.
You can wear up to eight rings at the same time.
Your skin changes colour to match your surroundings (Stealth+).
Your rubbery body absorbs attacks. (AC +1, EV +1)
((You are camouflaged when in or above water. (Stealth+)))
You have tentacles for arms and can constrict up to eight enemies at once.


Message History

You see here a +0 mace.
You are engulfed in blazing flames.
You resist. The fire crab breathes flames at you.
The blast of flame engulfs you. You resist.
You are engulfed in blazing flames.
You resist.
A wolf comes into view.
Casting: Scorch (safe; 1% risk of failure)
Confirm with . or Enter, or press ? or * to list all spells.
You feel a strong surge of power!
The bolt of lightning misses the fire crab.
The fiery plasma hits the fire crab.
The fire crab completely resists.
The wolf howls!
You hear a howl!
You hear an angry buzzing noise.
You hear a shout!
You hear a howl!
You hear an angry growl.
You hear an angry hiss.
The fire crab breathes flames at you. The blast of flame misses you.
You are engulfed in blazing flames.
You resist. The fire crab breathes flames at you.
The blast of flame engulfs you but does no damage.
You are engulfed in blazing flames.
You resist. The wolf attacks as you move away! The wolf barely misses you.
The wolf misses you.
Casting: Plasma Beam (dangerous; 12% risk of failure)
Confirm with . or Enter, or press ? or * to list all spells.
You feel a strong surge of power!
You miscast Plasma Beam.
You are very lightly contaminated with residual magic.
Nothing appears to happen.
The wolf bites you but does no damage. You block the wolf's attack.
The wolf misses you.
You hit the wolf. Your grab misses the wolf.
You squeeze the wolf, but do no damage.
The wolf is moderately wounded.
The wolf bites you. The wolf closely misses you.
You hit the wolf but do no damage. You grab the wolf.
The wolf is moderately wounded.
You constrict the wolf. You block the wolf's attack.
You completely miss the wolf. You squeeze the wolf.
The wolf is heavily wounded.
You constrict the wolf. You block the wolf's attack.
The wolf closely misses you.
You puncture the wolf!
You feel better.
The wolf is almost dead.
You constrict the wolf.
You kill the wolf!
You hit the fire crab. You grab the fire crab.
The fire crab is lightly wounded.
You constrict the fire crab. The fire crab breathes flames at you.
The blast of flame engulfs you. You resist.
You hit the fire crab but do no damage.
The fire crab is lightly wounded.
You are engulfed in blazing flames.
You resist.
You constrict the fire crab. The fire crab breathes flames at you.
The blast of flame engulfs you. You resist.
Your magical contamination has completely faded away.
You hit the fire crab.
You tentacle-slap the fire crab, but do no damage.
You squeeze the fire crab, but do no damage.
The fire crab is lightly wounded.
You constrict the fire crab. You block the fire crab's attack.
The fire crab closely misses you.
You hit the fire crab but do no damage. You squeeze the fire crab!
The fire crab is heavily wounded.
You constrict the fire crab. The fire crab breathes flames at you.
The blast of flame engulfs you. You resist.
You hit the fire crab but do no damage. You squeeze the fire crab!
The fire crab is severely wounded.
You are engulfed in blazing flames.
You resist.
You constrict the fire crab, but do no damage.
The fire crab bites you.
You are engulfed in flames.
You resist. You block the fire crab's attack.
Unknown command.
You hit the fire crab.
You feel better.
You squeeze the fire crab.
The fire crab is severely wounded.
You are engulfed in blazing flames.
You resist.
* * * LOW HITPOINT WARNING * * *
You constrict the fire crab.
A spriggan comes into view. It is wielding a +0 dagger.
The fire crab closely misses you. x2
You feel better.
You are engulfed in blazing flames.
You resist.
* * * LOW HITPOINT WARNING * * *
You constrict the fire crab. The fire crab bites you.
* * * LOW HITPOINT WARNING * * *
You are engulfed in flames.
You resist.
* * * LOW HITPOINT WARNING * * *
The fire crab closely misses you.
Aiming: Corrosive Bolt
Press: ? - help, Shift-Dir - straight line, f - fire crab
Aim: a fire crab (almost dead, constricted by you, 100% to hit)
The bolt of acid hits the fire crab!
The acid corrodes the fire crab!
You kill the fire crab!
The now-empty wand crumbles to dust.
You are engulfed in blazing flames.
You resist.
* * * LOW HITPOINT WARNING * * *
Unknown command.
You feel better. The spriggan hits you with a +0 dagger!
You die...
Your body crumbles into a pile of gold.

#....# ##.......♣
#....###.......♣♣ $
#.....##.......♣♣
##....###.......♣
#...## ###....i♣
##..#.# ##....♣♣
#...### ###..$♣♣
......# ###♣i♣♣
#.....# #.#@..♣
.....## #...♣♣ .....##
#######.##
#.....####.#P.#..P#
.......##P.......##
..................#
.##.........##.....#
###.......#####......♣
##.###.........#..♣..♣


You could see a spriggan.

Vanquished Creatures
  Nessos (Lair:3)
  6 hydras
  3 two-headed ogres
  7 death yaks
  Urug (Lair:5)
  2 skysharks
  Nergalle (Lair:3)
  A fire crab (Lair:5)
  A deep elf pyromancer (D:9)
  A wolf spider (Lair:1)
  A manticore (D:11)
  An ugly thing (D:11)
  13 elephants
  A torpor snail (Lair:2)
  4 black mambas
  2 gargoyles
  8 cane toads
  An efreet (D:9)
  A freezing wraith (D:9)
  6 komodo dragons
  A troll (D:10)
  4 merfolk (Lair:3)
  10 blink frogs
  2 polar bears
  4 hornets
  2 slime creatures
  A shadow (D:8)
  5 wyverns
  4 spriggans (Lair:5)
  24 yaks
  4 basilisks
  2 vampire mosquitoes
  2 steam dragons
  2 wargs (D:8)
  Menkaure (D:7)
  Edmund (D:6)
  3 nagas (Lair:2)
  11 water moccasins
  Duvessa (D:5)
  2 acid dragons
  4 black bears
  An ice beast (D:8)
  16 orc warriors
  2 ogres (D:5)
  11 wolves
  A boggart (Lair:5)
  10 centaurs
  3 phantoms (D:5)
  3 kobold brigands
  3 gnoll sergeants
  14 bullfrogs
  2 scorpions (D:4)
  12 wights
  Dowan (D:5)
  15 killer bees
  3 electric eels
  6 howler monkeys
  2 jellies (D:4)
  4 hounds
  A gnoll bouda (D:6)
  6 orc priests
  Ijyb (D:5)
  4 sleepcaps
  12 orc wizards
  4 iguanas
  20 gnolls
  14 adders
  A shadow imp (D:8)
  3 white imps
  2 ufetubi (D:5)
  3 worms
  4 dart slugs
  31 orcs
  12 bats
  20 endoplasms
  A giant cockroach (D:2)
  22 goblins
  14 hobgoblins
  4 jackals (D:2)
  23 kobolds
  3 quokkas
  5 ball pythons
  5 frilled lizards
  8 rats
484 creatures vanquished.

Vanquished Creatures (collateral kills)
  7 foxfires (Lair:3)
7 creatures vanquished.

Vanquished Creatures (others)
  969 foxfires
969 creatures vanquished.

Grand Total: 1460 creatures vanquished

Notes
Turn   | Place    | Note
-------+----------+-------------------------------------------
     0 | D:1      | Flugkiller the Octopode Fire Elementalist began the quest
                  | for the Orb.
     0 | D:1      | Reached XP level 1. HP: 11/11 MP: 3/3
   212 | D:1      | Reached XP level 2. HP: 17/17 MP: 1/5
   279 | D:1      | Learned a level 2 spell: Scorch
   591 | D:1      | Reached XP level 3. HP: 21/21 MP: 2/7
   597 | D:1      | Learned a level 3 spell: Volatile Blastmotes
  1208 | D:2      | Reached XP level 4. HP: 27/27 MP: 3/8
  1447 | D:2      | Found an opulent altar of Gozag.
  1459 | D:2      | Became a worshipper of Gozag Ym Sagoz the Greedy
  1473 | D:2      | Reached skill level 1 in Fighting
  2140 | D:2      | Reached XP level 5. HP: 5/33 MP: 4/9
  2292 | D:3      | Found a white marble altar of Elyvilon.
  2324 | D:3      | Found a burning altar of Makhleb.
  2630 | D:3      | Found a broken altar of Ashenzari.
  3047 | D:3      | Found a shimmering blue altar of Sif Muna.
  3062 | D:3      | Found an ornate altar of the Wu Jian Council.
  3151 | D:4      | Found Rimaumeg's Tremendous Tomes.
  3467 | D:4      | Reached skill level 1 in Translocations
  3675 | D:4      | Reached XP level 6. HP: 38/38 MP: 4/11
  4074 | D:4      | Reached skill level 5 in Fire Magic
  4800 | D:4      | Reached XP level 7. HP: 45/45 MP: 6/12
  5080 | D:5      | Entered Level 5 of the Dungeon
  5160 | D:4      | Learned a level 2 spell: Blink
  5165 | D:4      | Learned a level 4 spell: Flame Wave
  5653 | D:5      | Reached XP level 8. HP: 50/50 MP: 7/15
  5780 | D:5      | Reached skill level 5 in Spellcasting
  6055 | D:5      | Noticed Duvessa
  6070 | D:5      | Noticed Dowan
  6073 | D:5      | Killed Duvessa
  6074 | D:5      | Reached skill level 3 in Dodging
  6079 | D:5      | Killed Dowan
  6080 | D:5      | Reached skill level 4 in Dodging
  6089 | D:5      | Noticed Ijyb
  6358 | D:5      | Killed Ijyb
  6422 | D:5      | Reached skill level 5 in Dodging
  6501 | D:5      | Found Wuitsoc's Antique Weapon Shoppe.
  7104 | D:6      | Found a staircase to the Ecumenical Temple.
  7168 | D:6      | Reached skill level 6 in Dodging
  7168 | D:6      | Reached XP level 9. HP: 54/54 MP: 6/16
  7491 | D:6      | Found a runed translucent door.
  7492 | D:6      | Noticed Crazy Yiuf
  7559 | D:6      | Noticed Edmund
  7593 | D:6      | Killed Edmund
  8151 | D:7      | Reached skill level 7 in Dodging
  8174 | D:7      | Noticed Menkaure
  8183 | D:7      | Killed Menkaure
  8721 | D:8      | Reached skill level 5 in Conjurations
  9237 | D:8      | Reached skill level 8 in Dodging
  9634 | D:8      | Reached XP level 10. HP: 63/63 MP: 10/17
 10178 | D:8      | Noticed a two-headed ogre
 10221 | D:8      | Reached skill level 9 in Dodging
 10229 | D:8      | Reached skill level 1 in Shields
 10411 | D:8      | Killed a two-headed ogre
 10630 | D:8      | Found a staircase to the Lair.
 12654 | D:9      | Found Hapt's Magic Scroll Emporium.
 12671 | D:9      | Bought a scroll of blinking for 82 gold pieces
 12671 | D:9      | Bought a scroll of blinking for 82 gold pieces
 12773 | D:9      | Noticed a two-headed ogre
 12795 | D:9      | Killed a two-headed ogre
 12796 | D:9      | Reached XP level 11. HP: 68/69 MP: 8/21
 13238 | D:9      | Identified the ring of Creativity {Wiz Fly rElec Str+3}
 13641 | D:9      | Noticed a deep elf pyromancer
 13837 | D:9      | Killed a deep elf pyromancer
 14136 | D:9      | Identified the ring "Otyidux" {rPois rF+ rC+ MP-9 SInv}
 14179 | D:9      | Identified the ring "Xigo" {rN+ Dex+3}
 14217 | D:9      | Identified the amulet "Axeink" {Faith Fragile Regen+ Dex+2}
 14237 | D:9      | Noticed a two-headed ogre
 14246 | D:9      | Noticed a five-headed hydra
 14297 | D:9      | Killed a five-headed hydra
 14298 | D:9      | Reached skill level 10 in Fire Magic
 14480 | D:10     | Entered Level 10 of the Dungeon
 14515 | D:10     | Reached skill level 5 in Evocations
 14647 | D:10     | Found a flagged portal.
 14720 | Bailey   | Entered a bailey
 15145 | Bailey   | Noticed an orc warlord
 15379 | Bailey   | Reached skill level 5 in Fighting
 16007 | D:10     | Reached skill level 10 in Dodging
 16243 | D:10     | Found a runed translucent door.
 16303 | D:10     | Noticed pk666's ghost (journeyman DEHW)
 16387 | D:11     | Noticed a manticore
 16392 | D:11     | Killed a manticore
 16424 | D:11     | Noticed a two-headed ogre
 16468 | D:11     | Killed a two-headed ogre
 16670 | D:11     | Reached XP level 12. HP: 66/77 MP: 17/22
 16734 | D:11     | Reached skill level 11 in Dodging
 16848 | D:11     | Learned a level 4 spell: Sticky Flame
 17723 | Lair:1   | Entered Level 1 of the Lair of Beasts
 19090 | Lair:1   | Noticed a seven-headed hydra
 19121 | Lair:1   | Killed a seven-headed hydra
 19386 | Lair:2   | Noticed a death yak
 19442 | Lair:2   | Noticed a skyshark
 19463 | Lair:2   | Killed a skyshark
 19648 | Lair:2   | Noticed a seven-headed hydra
 19693 | Lair:2   | Reached skill level 10 in Conjurations
 19755 | Lair:2   | Found a staircase to the Snake Pit.
 19794 | Lair:2   | Killed a seven-headed hydra
 19949 | Lair:1   | Killed a death yak
 20274 | Lair:2   | Reached skill level 5 in Shields
 20351 | Lair:2   | Reached skill level 1 in Air Magic
 20351 | Lair:2   | Reached XP level 13. HP: 81/81 MP: 16/25
 21457 | Lair:3   | Reached skill level 5 in Air Magic
 21627 | Lair:3   | Noticed Nessos
 21882 | Lair:3   | Killed Nessos
 22479 | Lair:3   | Found a staircase to the Shoals.
 22593 | Lair:3   | Noticed Nergalle
 22900 | Lair:3   | Killed Nergalle
 23130 | Lair:4   | Found a staircase to the Slime Pits.
 23766 | Lair:4   | Reached skill level 10 in Air Magic
 23892 | Lair:4   | Learned a level 6 spell: Plasma Beam
 24930 | Lair:5   | Entered Level 5 of the Lair of Beasts
 25060 | Lair:5   | Noticed Urug
 25065 | Lair:5   | Killed Urug
 25424 | Lair:5   | Reached XP level 14. HP: 88/88 MP: 15/26
 25960 | Lair:5   | Paralysed by a hornet for 2 turns
 26833 | Lair:5   | HP: 1/90 [something (11)]
 26835 | Lair:5   | Slain by a spriggan

Illustrated notes

Levels and vault maps discovered:
D:1:      eino_arrival_cavern_a, layout_rooms
D:2:      layout_loops_ring, basic_altar
D:3:      minmay_chambers_of_twos, layout_basic,
          nicolae_overflow_quartered_altars, cheibrodos_ashenzari_chains
D:4:      cheibrodos_fertilizer, layout_basic, chequers_serial_rivers_micro_e,
          grunt_ministairs_8, nicolae_shop_i_like_big_books,
          kennysheep_small_spiral, chequers_serial_rivers_small_a
D:5:      layout_rooms, serial_shops, shop, uniq_ijyb, uniq_duvessa
D:6:      layout_gridville, minmay_temple_entry_tees, minmay_crystal_room,
          uniq_edmund, uniq_crazy_yiuf_cottage
D:7:      layout_gridville, uniq_menkaure
D:8:      cheibrodos_fzero, layout_layer_cave, erik_lair_orcish_takeover,
          hex_medium
D:9:      minmay_the_grid_triangle_9x9_recursive_2
          [minmay_the_grid_triangle_9x9_prize_special,
          minmay_the_grid_triangle_9x9_zippers_vertical,
          minmay_the_grid_triangle_9x9_alien,
          minmay_the_grid_triangle_9x9_longest], layout_basic, serial_shops,
          nicolae_shop_tiny_glass
D:10:     layout_loops_ring, enter_bailey_5, ebering_ghost_reflecting_pool
D:11:     layout_long_grid, nicolae_water_bricks, roderic_roman_lattice
Lair:1:   minmay_lair_venomous_thicket, layout_cave_pods
Lair:2:   layout_long_grid, minmay_snake_entry_guardpost_medium,
          nicolae_volcano_entry_two_sided
Lair:3:   layout_cave_pods, elwin_shoals_entry_stream, serial_bayou_shore_b,
          serial_bayou_shore_a, infiniplex_staircase_pool, grunt_megastairs_1,
          uniq_nessos, uniq_nergalle
Lair:4:   layout_cave_pods, minmay_slime_entry_oklob_open,
          grunt_forest_stairs_basic
Lair:5:   minmay_lair_end_enchanted_forest, layout_cave_pods, roderic_batcave,
          fungi_pond_lemuel, uniq_urug

Skill      XL: |  1  2  3  4  5  6  7  8  9 10 11 12 13 14 |
---------------+-------------------------------------------+-----
Conjurations   | 2 3 5 6 10 | 10.0
Spellcasting   | 3 4 5 7 8 |  8.9
Fighting       | 1 2 4 5 6 |  6.5
Fire Magic     | 4 5 6 8 10 | 10.8
Translocations | 1 2 3 |  3.0
Stealth        | 3 4 |  4.0
Evocations     | 2 3 4 5 |  5.0
Dodging        | 6 8 9 10 11 | 11.0
Shields        | 2 5 |  5.0
Air Magic      | 1 10 | 10.7

Action                     |  1- 3 |  4- 6 |  7- 9 | 10-12 | 13-15 || total
---------------------------+-------+-------+-------+-------+-------++-------
  Melee: Dagger            |     6 |    20 |     4 |       |       ||    30
         Tentacles         |     1 |     3 |    18 |    49 |    44 ||   115
         Constrict         |     1 |     3 |     9 |    41 |    30 ||    84
         Short sword       |       |       |    45 |   150 |   133 ||   328
         Punch             |       |       |       |     4 |     5 ||     9
  Throw: Stone             |       |       |       |     4 |       ||     4
   Cast: Foxfire           |    47 |   103 |   191 |   160 |    80 ||   581
         Scorch            |     2 |    28 |    47 |   143 |    62 ||   282
         Volatile Blastmot |       |       |    14 |    46 |    12 ||    72
         Blink             |       |       |     3 |     7 |     2 ||    12
         Flame Wave        |       |       |       |    46 |    31 ||    77
         Sticky Flame      |       |       |       |     2 |     2 ||     4
         Plasma Beam       |       |       |       |       |    32 ||    32
 Invoke: Potion Petition   |       |       |     3 |     6 |     1 ||    10
  Evoke: Wand              |       |       |     7 |    10 |     6 ||    23
         Piece from Xom's  |       |       |       |     4 |       ||     4
         Tin of tremorston |       |       |       |     1 |       ||     1
    Use: Potion            |       |     3 |     5 |     1 |     3 ||    12
         Scroll            |       |     2 |    12 |    11 |     5 ||    30
   Stab: Sleeping          |       |     1 |     1 |     4 |     1 ||     7
         Distracted        |       |       |       |     2 |     1 ||     3
 Armour: Skin              |     7 |     4 |     5 |     9 |    15 ||    40
  Dodge: Dodged            |    10 |    23 |    54 |   232 |   178 ||   497
  Block: Buckler           |       |       |     1 |    95 |   121 ||   217

Table legend: (Time is in decaauts)
 A = Elapsed time spent in this place.
 B = Non-inter-level travel time spent in this place.
 C = Inter-level travel time spent in this place.
 D = Time resting spent in this place.
 E = Time spent auto-exploring this place.
 F = Levels seen in this place.
 G = Mean time per level.
                   A        B        C        D        E       F      G
               +--------+--------+--------+--------+--------+-----+--------+
         Total |  26891 |  25755 |   1136 |   8872 |   8973 |  17 | 1581.8 |
       Dungeon |  16956 |  16025 |    931 |   5835 |   5357 |  11 | 1541.5 |
          Lair |   9148 |   8943 |    205 |   2706 |   3616 |   5 | 1829.6 |
        Bailey |    786 |    786 |      0 |    330 |      0 |   1 |  786.0 |
               +--------+--------+--------+--------+--------+-----+--------+

Top non-repeatable levels by time:
     D:8: 3135 daAuts
     D:4: 2383 daAuts
     D:9: 2186 daAuts
  Lair:3: 2005 daAuts
  Lair:4: 1975 daAuts
  Lair:1: 1926 daAuts
  Lair:5: 1683 daAuts
  Lair:2: 1557 daAuts
     D:6: 1405 daAuts
     D:2: 1322 daAuts
     D:5: 1249 daAuts
    D:10: 1242 daAuts
    D:11: 1117 daAuts
     D:7: 1110 daAuts
     D:1: 918 daAuts
